 Dungeon Crawl Stone Soup version 0.22-a0-601-gb0ed703 (webtiles) character file.

65 sking99 the Cudgeler (level 3, 34/34 HPs)
             Began as a Minotaur Fighter on July 6, 2018.
             Was a Follower of Kikubaaqudgha.
             Quit the game on level 2 of the Dungeon.
             The game lasted 00:01:34 (1083 turns).

sking99 the Cudgeler (Minotaur Fighter)             Turns: 1083, Time: 00:01:35

Health: 34/34      AC:  6    Str: 20    XL:     3   Next: 94%
Magic:  2/2        EV:  7    Int:  5    God:    Kikubaaqudgha [*.....]
Gold:   85         SH:  9    Dex: 10    Spells: 2/2 levels left

rFire    . . .     SeeInvis .   a - +0 flail
rCold    . . .     Gourm    .   c - +0 shield
rNeg     . . .     Faith    .   b - +0 scale mail
rPois    .         Spirit   .   (helmet restricted)
rElec    .         Reflect  .   (no cloak)
rCorr    .         Harm     .   (no gloves)
MR       .....                  (no boots)
Stlth    ..........             (no amulet)
HPRegen  0.11/turn              (no ring)
MPRegen  0.08/turn              (no ring)

@: no status effects
A: retaliatory headbutt, horns 2
a: Receive Corpses, Renounce Religion


You were on level 2 of the Dungeon.
You worshipped Kikubaaqudgha.
Kikubaaqudgha was aware of your devotion.
You were not hungry.

You visited 1 branch of the dungeon, and saw 2 of its levels.

You collected 85 gold pieces.

Inventory:

Hand Weapons
 a - a +0 flail (weapon)
Armour
 b - a +0 scale mail (worn)
 c - a +0 shield (worn)
Jewellery
 p - an uncursed ring of protection from fire {unknown}
Scrolls
 e - 2 scrolls of teleportation {unknown}
 i - 2 scrolls of identify {unknown}
 o - a scroll of remove curse {unknown}
Potions
 d - a potion of might
 g - 3 potions of curing {unknown}
 j - 2 potions of brilliance {unknown}
 k - a potion of degeneration {unknown}
 l - a potion of heal wounds {unknown}
 m - a potion of resistance {unknown}
 n - 2 potions of invisibility {unknown}
Comestibles
 f - a ration
 h - 2 chunks of flesh


   Skills:
 + Level 4.4 Fighting
 * Level 4.5 Maces & Flails
 - Level 3.6 Armour
 - Level 3.6 Shields


You had 2 spell levels left.
You didn't know any spells.
Your spell library contained the following spells:

 Spells                   Type           Power        Failure   Level  Hunger
 Pain                     Necr           #...         100%        1    ##.....
 Animate Skeleton         Necr           N/A          100%        1    ##.....
 Vampiric Draining        Necr           #.........   100%        3    ####...
 Sublimation of Blood     Necr           #.........   100%        2    ###....


Dungeon Overview and Level Annotations

Branches:
Dungeon (2/15)

Altars:
Ashenzari
Kikubaaqudgha


Innate Abilities, Weirdness & Mutations

You reflexively headbutt those who attack you in melee.
You have a pair of horns on your head.


Message History

You enter the shallow water.
Moving in this stuff is going to be slow.
Press: ? - help, v - describe, . - travel Some shallow water.
You enter the shallow water.
Moving in this stuff is going to be slow.
There is a faded altar of an unknown god here.
You cannot tell which god this altar belongs to.
Convert to them anyway?
Kikubaaqudgha accepts your prayer! Kikubaaqudgha welcomes you!
You can now receive cadavers from Kikubaaqudgha.
You see here Kikubaaqudgha's Handbook of Dark Rituals.
Kikubaaqudgha grants you a gift!
You enter the shallow water.
Moving in this stuff is going to be slow.
You pick up Kikubaaqudgha's Handbook of Dark Rituals and begin reading...
You add the spells Animate Skeleton, Pain, Sublimation of Blood and Vampiric Draining to your library.
There is an ancient bone altar of Kikubaaqudgha here.
Okay, then.
Are you sure you want to abandon this character and quit the game? (Confirm with "yes".)

#.# ############### #.#
#≈.≈..≈.....≈.# #.#
#.≈.≈..≈≈≈..≈≈# #.#
#.≈≈≈≈≈≈≈≈≈≈..# #.#
#..≈≈≈≈≈≈≈≈≈..# #.#
#..≈≈≈≈≈≈≈≈≈..####.#
#..≈≈≈♣.≈≈≈≈≈≈...#.#
#..≈≈≈.@.≈≈≈≈....#.#####
##≈≈≈≈≈≈..≈≈≈.≈...#>)....
#...≈≈≈≈≈≈≈≈≈≈≈...#.#####
#.≈.≈≈≈≈≈≈≈≈≈........# #
#.≈.≈≈≈≈≈≈≈≈≈≈≈....).# #
#..≈≈....≈≈.≈≈.......# #
#......$.............####
#.######.................
#.................#......


There were no monsters in sight!

Vanquished Creatures
  2 adders (D:2)
  A dart slug (D:2)
  2 leopard geckos
  2 giant cockroaches (D:1)
  6 goblins
  8 hobgoblins
  7 kobolds
  A quokka (D:2)
  2 bats (D:1)
  2 frilled lizards
  8 rats
41 creatures vanquished.

Notes
Turn   | Place    | Note
-------+----------+-------------------------------------------
     0 | D:1      | sking99 the Minotaur Fighter began the quest for the Orb.
     0 | D:1      | Reached XP level 1. HP: 19/19 MP: 0/0
    52 | D:1      | Found a shattered altar of Ashenzari.
   286 | D:1      | Reached XP level 2. HP: 27/27 MP: 1/1
   649 | D:1      | Reached XP level 3. HP: 31/33 MP: 2/2
  1041 | D:2      | Found a faded altar of an unknown god.
  1079 | D:2      | Became a worshipper of Kikubaaqudgha
  1079 | D:2      | Reached * piety under Kikubaaqudgha
  1079 | D:2      | Identified Kikubaaqudgha's Handbook of Dark Rituals (Kikubaaqudgha gifted it to you on level 2 of the Dungeon)
  1079 | D:2      | Received a gift from Kikubaaqudgha
  1083 | D:2      | Quit the game

Vault maps used:
D:1:      roderic_crossed_star, evilmike_ruin_ashenzari
D:2:      chequers_ecumenical_altar_island

Skill      XL: |  1  2  3 |
---------------+----------+-----
Maces & Flails | 3 4 |  4.5
Fighting       | 4 |  4.4
Armour         | |  3.6
Shields        | |  3.6

Action                   || total
-------------------------++-------
Melee: Flail             ||   103
       Headbutt          ||    12
  Eat: Chunk             ||     1
Armor: Scale mail        ||    50
Dodge: Dodged            ||    33
Block: Shield            ||    59

Table legend:
 A = Spawn XP
 B = Non-spawn XP
 C = Spawn XP percentage of total XP
 D = Spawn monster count
 E = Non-spawn monster count
 F = Spawn count percentage of total count
 G = Total turns spent on level
                    A         B        C        D         E        F      G
               +---------+---------+-------+---------+---------+-------+---------
         Total |       0 |      94 |   0.0 |       0 |      41 |   0.0 |  1083
               +---------+---------+-------+---------+---------+-------+---------
           D:1 |       0 |      41 |   0.0 |       0 |      24 |   0.0 |   685
           D:2 |       0 |      53 |   0.0 |       0 |      17 |   0.0 |   398
               +---------+---------+-------+---------+---------+-------+---------
